 Dungeon Crawl Stone Soup version 0.18.1-50-g88ac8fd (webtiles) character file.

140 magog001 the Covered (level 5, -5/47 HPs)
             Began as a Hill Orc Fighter on Sept 1, 2018.
             Was an Initiate of Nemelex Xobeh.
             Killed by nerve-wracking pain
             ... invoked by Grinder
              (7 damage)
             ... on level 3 of the Dungeon.
             The game lasted 00:12:47 (2325 turns).

magog001 the Covered (Hill Orc Fighter)             Turns: 2325, Time: 00:12:47

Health: -5/47      AC:  8    Str: 25    XL:     5   Next: 22%
Magic:  5/5        EV: 11    Int:  8    God:    Nemelex Xobeh [......]
Gold:   62         SH: 10    Dex: 10    Spells: 0 memorised, 4 levels left

rFire  . . .     SeeInvis .     a - +0 war axe
rCold  . . .     Gourm    .     b - +0 scale mail
rNeg   . . .     Faith    .     c - +0 shield
rPois  .         Spirit   .     (no helmet)
rElec  .         Dismiss  .     g - +0 cloak
rCorr  .         Reflect  .     (no gloves)
SustAt +         Harm     .     (no boots)
MR     .....                    (no amulet)
Stlth  ..........               x - +4 ring of evasion
                                D - ring of sustain attributes

@: mighty, not resistant to hostile enchantments, extremely unstealthy
A: no striking features
a: Renounce Religion


You were on level 3 of the Dungeon.
You worshipped Nemelex Xobeh.
Nemelex Xobeh was noncommittal.
You were not hungry.

You visited 1 branch of the dungeon, and saw 3 of its levels.

You collected 62 gold pieces.

Inventory:

Hand Weapons
 a - a +0 war axe (weapon)
 F - a +0 vampiric glaive
Armour
 b - a +0 scale mail (worn)
 c - a +0 shield (worn)
 g - a +0 cloak (worn)
Jewellery
 x - a +4 ring of evasion (right hand)
 D - a ring of sustain attributes (left hand)
 G - an uncursed ring of flight
Scrolls
 e - a scroll of fear {unknown}
 k - 2 scrolls of identify {unknown}
 l - 3 scrolls of teleportation {unknown}
 p - a scroll of enchant weapon {unknown}
 q - a scroll of blinking {unknown}
 s - 2 scrolls of immolation {unknown}
 t - a scroll of noise {unknown}
 w - a scroll of fog {unknown}
 y - a scroll of recharging {unknown}
 z - a scroll of enchant armour {unknown}
 A - a scroll of remove curse {unknown}
 B - a scroll of amnesia {unknown}
 H - a scroll of random uselessness {unknown}
Potions
 f - a potion of heal wounds {unknown}
 h - a potion of curing {unknown}
 i - a potion of cancellation {unknown}
 j - a potion of invisibility {unknown}
 m - a potion of brilliance {unknown}
 n - a potion of cure mutation {unknown}
 o - 3 potions of magic {unknown}
 r - 2 potions of agility {unknown}
 v - a potion of ambrosia {unknown}
 E - a potion of flight {unknown}
Miscellaneous
 C - a plain deck of changes {drawn: 2}
Comestibles
 u - a chunk of flesh


   Skills:
 * Level 4.4 Fighting
 * Level 3.6 Axes
 * Level 4.5 Armour
 - Level 0.2 Dodging
 * Level 4.3 Shields


You had 4 spell levels left.
You didn't know any spells.

Dungeon Overview and Level Annotations

Branches:
Dungeon (3/15)

Altars:
Nemelex Xobeh

Annotations:
D:3 Grinder


Message History

Grinder blinks!
Grinder gestures at you.
You shrug off the repeated paralysis!
You can move again.
Drink which item? (? for menu, Esc to quit)
You feel very mighty all of a sudden. Grinder hits you.
* * * LOW HITPOINT WARNING * * *
You writhe in agony.
* * * LOW HITPOINT WARNING * * *
You closely miss Grinder.
Grinder is heavily wounded.
Grinder hits you.
* * * LOW HITPOINT WARNING * * *
You writhe in agony.
* * * LOW HITPOINT WARNING * * *
Grinder gestures at you. Pain shoots through your body!
You die...
Your body disappears without a glow.

## ### .# .. .. .# ##### #.###.#
.# #...# #######......
.#############.5.####............
.............'..@'.†'....>.......
)#..##########...####..........?.
.<...............# #............
###..............# #............
..'...........#+## #............
###.......)...# #............
#...........# #............
#...........# #........(...
#...........# #............


You could see Grinder.

Vanquished Creatures
  Jessica (D:2)
  4 adders (D:2)
  An ooze (D:2)
  2 worms (D:2)
  3 dart slugs
  3 giant geckos
  An orc (D:3)
  4 bats
  3 giant cockroaches
  8 goblins
  6 hobgoblins
  2 jackals (D:1)
  2 quokkas
  A ball python (D:1)
  4 giant newts
  7 kobolds
  6 rats
58 creatures vanquished.

Notes
Turn   | Place    | Note
--------------------------------------------------------------
     0 | D:1      | magog001 the Hill Orc Fighter began the quest for the Orb.
     0 | D:1      | Reached XP level 1. HP: 19/19 MP: 1/1
   223 | D:1      | Reached XP level 2. HP: 24/27 MP: 2/2
   435 | D:1      | Reached XP level 3. HP: 13/33 MP: 3/3
  1525 | D:2      | Reached XP level 4. HP: 37/40 MP: 4/4
  1699 | D:2      | Noticed Jessica
  1713 | D:2      | Killed Jessica
  1887 | D:2      | Reached XP level 5. HP: 37/47 MP: 5/5
  2029 | D:2      | Found a sparkling altar of Nemelex Xobeh.
  2035 | D:2      | Became a worshipper of Nemelex Xobeh the Trickster
  2289 | D:3      | Noticed Grinder
  2318 | D:3      | Paralysed by Grinder for 6 turns
  2325 | D:3      | HP: 2/47 [Grinder (4)]
  2325 | D:3      | Killed from afar by Grinder

Skill      XL: |  1  2  3 |
---------------+----------+-----
Fighting       | 4 |  4.4
Axes           | 3 |  3.6
Shields        | 4 |  4.3
Armour         | 4 |  4.5
Dodging        | |  0.2

Action                   |  1- 3 |  4- 6 || total
-------------------------+-------+-------++-------
Melee: War axe           |   148 |   102 ||   250
Evoke: Deck              |       |     2 ||     2
  Use: Potion            |       |     1 ||     1
  Eat: Bread ration      |     1 |       ||     1
       Beef jerky        |       |     1 ||     1
Armor: Scale mail        |    78 |    46 ||   124
Dodge: Dodged            |    50 |    36 ||    86
Block: Shield            |    77 |    49 ||   126
